 Dungeon Crawl Stone Soup version 0.31-b1-18-g61460d1e46 (webtiles) character file.

Game seed: 7012574784675828898

21 Esekla the Sneak (level 2, 0/21 HPs)
             Began as an Octopode Delver on Jan 16, 2024.
             Engulfed by a cloud of poison gas (9 damage)
             ... on level 4 of the Dungeon.
             The game lasted 00:16:56 (1249 turns).

Esekla the Sneak (Octopode Delver)                  Turns: 1249, Time: 00:16:57

Health: 0/21       AC:  1    Str: 11    XL:     2   Next: 83%
Magic:  2/2        EV: 13    Int: 12    God:
Gold:   93         SH:  0    Dex: 13    Spells: 1/1 levels left

rFire   . . .        a - +0 falchion
rCold   . . .        (no shield)
rNeg    . . .        (helmet restricted)
rPois   .            (no amulet)
rElec   .            (no ring)
rCorr   .            (no ring)
SInv    .            (no ring)
Will    .....        (no ring)
Stlth   ++++         (no ring)
HPRegen 0.23/turn    (no ring)
MPRegen 0.08/turn    (no ring)
                     (no ring)

%: no passive effects
@: lethally poisoned (0 -> -13)
A: almost no armour, amphibious, 8 rings, camouflage 1, gelatinous body 1,
(nimble swimmer 1), tentacles
a: no special abilities


You were on level 4 of the Dungeon.
You visited 1 branch of the dungeon, and saw 5 of its levels.

You collected 93 gold pieces.

Inventory:

Hand Weapons
 a - a +0 falchion (weapon)
 r - a +0 trident
 s - a +0 dagger
Missiles
 i - 3 poisoned darts (quivered)
Wands
 f - a wand of digging (3)
Scrolls
 b - a scroll of fog
Potions
 e - a potion of curing
 g - a potion of brilliance {unknown}
 j - a potion of attraction


   Skills:
 * Level 3.2 Fighting
 * Level 2.1 Long Blades
 * Level 2.1 Dodging
 + Level 7.0 Stealth
 * Level 0.4 Spellcasting


You had one spell level left.
You didn't know any spells.
Your spell library contained the following spells:

 Spells                   Type           Power      Damage    Failure   Level
 Ensorcelled Hibernation  Hex/Ice        0%         N/A       43%         2
 Passwall                 Erth           0%         N/A       67%         3
 Swiftness                Air            0%         N/A       67%         3


Dungeon Overview and Level Annotations

Branches:
Dungeon (7/15)
 Temple: D:4-7

Altars:
Dithmenos
Makhleb
Qazlal
Yredelemnul

Shops:
D:4 :*   D:5 =

Annotations:
D:4 Eustachio
D:6 Dowan, Duvessa


Innate Abilities, Weirdness & Mutations

You cannot wear most types of armour.
You are amphibious.
You can wear up to eight rings at the same time.
Your skin changes colour to match your surroundings (Stealth+).
Your rubbery body absorbs attacks. (AC +1, EV +1)
((You are camouflaged when in or above water. (Stealth+)))
You have tentacles for arms and can constrict up to eight enemies at once.


Message History

The gnoll sergeant burns you. The gnoll misses you.
The gnoll barely misses you.
The gnoll shouts!
The gnoll barely misses you. The gnoll attacks as it pursues you!
The gnoll hits you with a +0 whip!
As you read the scroll of fear, it crumbles to dust.
You assume a fearsome visage.
The gnoll sergeant looks frightened!
The gnoll looks frightened! x2
Cornered, the gnoll turns to fight! x2
Things that are here:
a +0 mace; an orc corpse
There is a stone staircase leading up here.
You start resting.
A gnoll is nearby!
You climb upwards.
Level annotation: Eustachio The phantom barely misses you.
The phantom misses you.
There is a stone staircase leading down, spattered with blood here.
Okay, then.
Okay, then.
The air fills with toxic fumes!
As you read the scroll labelled HEGIEBLOGETI, it crumbles to dust.
It was a scroll of poison.
The phantom hits you.
As you read the scroll labelled KIPAOPHITZAT, it crumbles to dust.
The creatures around you are filled with an inner flame!
It was a scroll of immolation.
The phantom completely misses you.
As you read the scroll labelled MAIFFUPNAE, it crumbles to dust.
It is a scroll of identify.
j - a potion of attraction The phantom completely misses you.
Okay, then.
Unknown command.
You slash the phantom!
Flame seeps out of the phantom.
The phantom is moderately damaged.
The phantom is engulfed in blazing flames.
Flame seeps out of the phantom.
The phantom hits you.
The phantom blinks!
You blink.
You are engulfed in poison gas.
You are lethally poisoned!
You die...

.#.#......##**#**
..?........##.#$*****
............#...,*,,**
....................,*
...................,,****
.g.................,,,,,*
....#......§§§§§.#...,,,*
......##...#§§§§###.#*,,*
.#.....#.§##§§§§@####****
.##...###☼§§§§§§§####
...##.##.☼§§§§§§W####
........#§§§§§§§§####
........#☼§§§°§§§####
..##....#§§§§>§§#####
#..#.....§§§§§§§#####
#'#....##§§##§§☼.####
..#..#.#.####§##..###**


You could see a phantom (inner flame).

Vanquished Creatures
  An adder (D:6)
  A shadow imp (D:5)
  2 orcs (D:5)
4 creatures vanquished.

Notes
Turn   | Place    | Note
-------+----------+-------------------------------------------
     0 | D:5      | Esekla the Octopode Delver began the quest for the Orb.
     0 | D:5      | Reached XP level 1. HP: 16/16 MP: 1/1
     5 | D:5      | Found Deaqou's Jewellery Shop.
     9 | D:5      | Noticed a bombardier beetle
    30 | D:5      | Found a burning altar of Makhleb.
   180 | D:5      | Found a basalt altar of Yredelemnul.
   187 | D:5      | Noticed a sleepcap
   218 | D:5      | Found a stormy altar of Qazlal.
   293 | D:5      | Noticed a jelly
   327 | D:6      | Found a shadowy altar of Dithmenos.
   341 | D:6      | Noticed a black bear
   341 | D:6      | Noticed a kobold brigand
   352 | D:6      | Noticed Duvessa
   353 | D:6      | Noticed an iguana
   353 | D:6      | Noticed Dowan
   353 | D:6      | Noticed an ogre
   373 | D:7      | Noticed a gnoll bouda
   416 | D:6      | Noticed a wight
   463 | D:6      | Noticed a phantom
   568 | D:6      | Reached XP level 2. HP: 12/21 MP: 2/2
   621 | D:6      | Noticed a phantom
   743 | D:6      | Noticed a wight
   744 | D:6      | Noticed a wight
   746 | D:6      | Noticed a wight
   748 | D:5      | Noticed a bombardier beetle
   762 | D:5      | Reached skill level 7 in Stealth
   773 | D:4      | Noticed a lemure
   773 | D:4      | Noticed a lemure
   778 | D:4      | Noticed a phantom
   811 | D:4      | Found Byam's Assorted Antiques.
   819 | D:4      | Noticed Eustachio
   828 | D:4      | Found Guat's Book Shop.
  1197 | D:5      | Noticed a gnoll sergeant
  1249 | D:4      | Engulfed by a cloud of poison gas

Illustrated notes

Levels and vault maps discovered:
D:3:      layout_rooms, ebering_ghost_sewer_f
D:4:      layout_cave_pools, tso_altar, serial_shops, shop,
          nicolae_shop_back_alley_shop, shop, shop, nicolae_shop_rolling_square,
          serial_glass, glass_columns_a, glass_columns_a, glass_columns_a,
          glass_columns_a, glass_columns_a, glass_columns_a, uniq_eustachio,
          uniq_pikel
D:5:      layout_basic, nicolae_qazlal_general_emergency,
          mainiacjoe_overflow_catch_the_wave, serial_shops,
          nicolae_shop_crystal, nrook_mini_backslash
D:6:      layout_loops_ring, mainiacjoe_overflow_surrounded_room, serial_undead,
          serial_undead_a, serial_undead_e, serial_undead_a, serial_undead_b,
          uniq_duvessa
D:7:      layout_cave_pools, minmay_temple_entry_junction,
          serial_co_window_serial, co_window_of_opportunity_a,
          co_window_paths_a, co_window_paths_a, co_window_paths_a,
          co_window_of_opportunity_a, co_window_paths_c, co_window_corner_b,
          co_window_unsneaky_path_a, co_window_broadway_b, co_window_paths_d,
          co_window_4corner_b, glass_columns_b, glass_columns_a

Skill      XL: |  1  2 |
---------------+-------+-----
Stealth        | 7 |  7.0
Fighting       | |  3.2
Long Blades    | |  2.1
Dodging        | |  2.1
Spellcasting   | |  0.4

Action                     || total
---------------------------++-------
  Melee: Falchion          ||    21
         Constrict         ||     4
         Tentacles         ||     4
    Use: Scroll            ||     7
         Potion            ||     2
 Armour: Skin              ||    22
  Dodge: Dodged            ||    27
